 Dungeon Crawl Stone Soup version 0.23.2-30-g0e89c35649 (webtiles) character file.

Game seed: 17111853989958802034

96 senseless the Slasher (level 4, -7/40 HPs)
             Began as a Draconian Monk on June 7, 2019.
             Killed by nerve-wracking pain
             ... invoked by an orc priest
              (13 damage)
             ... on level 2 of the Dungeon.
             The game lasted 00:07:29 (1879 turns).

senseless the Slasher (Draconian Monk)              Turns: 1879, Time: 00:07:29

Health: -7/40      AC:  6    Str: 14    XL:     4   Next: 41%
Magic:  4/4        EV: 13    Int:  5    God:
Gold:   65         SH:  0    Dex: 14    Spells: 3/3 levels left

rFire    . . .     SeeInvis .   a - +0 falchion
rCold    . . .     Gourm    .   (no shield)
rNeg     . . .     Faith    +   (armour unavailable)
rPois    .         Spirit   .   (helmet restricted)
rElec    .         Reflect  .   (no cloak)
rCorr    .         Harm     .   (no gloves)
MR       .....                  h - +0 pair of boots
Stlth    ++........             i - amulet of faith
HPRegen  0.13/turn              g - -5 ring of intelligence (curse)
MPRegen  0.09/turn              c - ring of wizardry

@: no status effects
A: unfitting armour, cold-blooded, AC +5
a: no special abilities


You were on level 2 of the Dungeon.
You were not hungry.

You visited 1 branch of the dungeon, and saw 2 of its levels.

You collected 65 gold pieces.

Inventory:

Hand Weapons
 a - a +0 falchion (weapon)
Armour
 h - a +0 pair of boots (worn)
Jewellery
 c - a ring of wizardry (right hand)
 g - a cursed -5 ring of intelligence (left hand)
 i - an amulet of faith (around neck)
Scrolls
 e - 4 scrolls of identify
Potions
 d - 4 potions of curing
 j - 2 potions of heal wounds {unknown}
 k - a potion of flight {unknown}
Comestibles
 b - 5 rations
 f - a chunk of flesh


   Skills:
 + Level 4.0 Fighting
 + Level 4.3 Long Blades
 + Level 3.2 Dodging
 - Level 1.7 Stealth


You had 3 spell levels left.
You didn't know any spells.
Your spell library was empty.

Dungeon Overview and Level Annotations

Branches:
Dungeon (2/15)

Altars:
Cheibriados
Fedhas
Wu Jian


Innate Abilities, Weirdness & Mutations

Your plain brown scales are hard. (AC +5)
You cannot fit into any form of body armour.
You are cold-blooded and may be slowed by cold attacks.


Message History

The orc priest hits you with a +0 war axe!
The orc closely misses you.
You closely miss the orc priest.
Your tail-slap misses the orc priest.
The orc priest is heavily wounded.
The orc closely misses you.
The orc priest invokes the aid of Beogh against you.
Beogh smites you!
You are too injured to fight recklessly!
You are too injured to fight recklessly!
The orc priest mumbles some strange prayers to Beogh against you.
Beogh smites you!
* * * LOW HITPOINT WARNING * * *
There is an open door, spattered with blood here.
There is an open door here.
You close the door.
An orc priest opens the door.
The orc shouts!
You see here 18 stones.
The orc priest invokes the aid of Beogh against you.
Pain shoots through your body!
You die...

#....#.## #.o.....o...#
######....#..# #.##....###.#
.....'....'..###.##....+.#.#
######....##..##o##....#.#.#
#....##..##o###.#.o.#'###
#....##...#(# #.#....o..#
#....##.#.#.# #.#.......####
## #######.#...#
#.#.......o... .# #.##.@#
#.##......#### .# #.##.>#
#.##......# .# #.###.#
#.##......# .#
#.###.###.##......# .#
#.........#####.### .#
#.........# #.# .#
#.....>...# #.# .#
#.........# #.# ##
#.........# #.#


You could see an orc warrior and an orc priest.

Vanquished Creatures
  4 adders (D:2)
  An ooze (D:1)
  2 worms (D:2)
  2 dart slugs (D:1)
  A leopard gecko (D:2)
  3 ball pythons
  A giant cockroach (D:2)
  6 goblins
  6 hobgoblins
  7 bats
  3 frilled lizards
  8 kobolds
  3 rats
47 creatures vanquished.

Notes
Turn   | Place    | Note
-------+----------+-------------------------------------------
     0 | D:1      | senseless the Draconian Monk began the quest for the Orb.
     0 | D:1      | Reached XP level 1. HP: 19/19 MP: 1/1
    76 | D:1      | Reached XP level 2. HP: 25/26 MP: 2/2
   539 | D:1      | Reached XP level 3. HP: 32/33 MP: 3/3
  1206 | D:2      | Reached XP level 4. HP: 35/40 MP: 4/4
  1387 | D:2      | Found a blossoming altar of Fedhas.
  1391 | D:2      | Found a snail-covered altar of Cheibriados.
  1396 | D:2      | Found an ornate altar of the Wu Jian Council.
  1841 | D:2      | Noticed an orc warrior
  1879 | D:2      | Killed from afar by an orc priest

Skill      XL: |  1  2  3  4 |
---------------+-------------+-----
Dodging        | 3 |  3.2
Long Blades    | 4 |  4.3
Fighting       | 4 |  4.0
Stealth        | |  1.7

Action                   |  1- 3 |  4- 6 || total
-------------------------+-------+-------++-------
Melee: Falchion          |    90 |    29 ||   119
       Tailslap          |     8 |     3 ||    11
  Use: Scroll            |     3 |       ||     3
 Stab: Sleeping          |     3 |     1 ||     4
       Distracted        |     1 |       ||     1
  Eat: Chunk             |     1 |     2 ||     3
Armor: Skin              |    21 |     5 ||    26
Dodge: Dodged            |    65 |    26 ||    91
       Rpst.: Falchion   |    23 |     7 ||    30
